 Dungeon Crawl Stone Soup version 0.23.1 (webtiles) character file.

Game seed: 12672784697295542753

67 Borgoz the Skirmisher (level 4, -5/40 HPs)
             Began as a Ghoul Monk on Mar 17, 2019.
             Slain by a gnoll
             ... wielding a +0 halberd
              (14 damage)
             ... on level 2 of the Dungeon.
             The game lasted 00:02:06 (973 turns).

Borgoz the Skirmisher (Ghoul Monk)                   Turns: 973, Time: 00:02:07

Health: -5/40      AC:  8    Str: 14    XL:     4   Next: 18%
Magic:  3/3        EV:  7    Int:  6    God:
Gold:   54         SH:  0    Dex: 11    Spells: 3/3 levels left

rFire    . . .     SeeInvis .   a - +0 short sword
rCold    + . .     Gourm    .   (no shield)
rNeg     + + +     Faith    .   l - +0 chain mail
rPois    ∞         Spirit   .   (no helmet)
rElec    .         Reflect  .   (no cloak)
rCorr    .         Harm     .   (no gloves)
MR       .....                  (no boots)
Stlth    ..........             (no amulet)
HPRegen  0.00/turn              (no ring)
MPRegen  0.08/turn              (no ring)

@: rotting
A: rotting body, claws 1, carnivore, cold resistance 1, negative energy
resistance 3, inhibited regeneration, torment resistance, unbreathing
a: no special abilities


You were on level 2 of the Dungeon.
You were not hungry.

You visited 1 branch of the dungeon, and saw 2 of its levels.

You collected 54 gold pieces.

Inventory:

Hand Weapons
 a - a +0 short sword (weapon)
Armour
 l - a +0 chain mail (worn)
Scrolls
 b - a scroll of enchant weapon {unknown}
 e - a scroll of remove curse
Potions
 g - a potion of haste {unknown}
 h - a potion of might {unknown}
 j - a potion of agility {unknown}
 k - a potion of heal wounds
Comestibles
 c - a ration
 f - 4 chunks of flesh


   Skills:
 + Level 3.8 Fighting
 + Level 3.2 Short Blades
 + Level 0.1 Armour
 + Level 3.2 Dodging
 + Level 3.2 Stealth


You had 3 spell levels left.
You didn't know any spells.
Your spell library was empty.

Dungeon Overview and Level Annotations

Branches:
Dungeon (2/15)

Altars:
Yredelemnul


Innate Abilities, Weirdness & Mutations

Your body is rotting away.
You thrive on raw meat.
You are immune to poison.
You have sharp fingernails.
You are carnivorous and can eat meat at any time.
Your flesh is cold resistant. (rC+)
You are immune to negative energy. (rN+++)
You do not regenerate when monsters are visible.
You are immune to unholy pain and torment.
You can survive without breathing.


Message History

You kill the gnoll!
You have reached level 4!
Eat one of 5 chunks of flesh? (ye/n/q)
You eat one of the 5 chunks of flesh.
This raw flesh tastes great!
The kobold hits you but does no damage.
You barely miss the kobold. The gnoll hits you but does no damage.
The kobold barely misses you.
You hit the kobold.
You kill the kobold!
The gnoll hits you with a +0 halberd!
Items here: )) †† a +0 club; a cursed -2 club; a kobold corpse; a gnoll corpse You hit the gnoll.
The gnoll is lightly wounded.
The gnoll hits you with a +0 halberd!
* * * LOW HITPOINT WARNING * * *
You closely miss the gnoll.
The gnoll is lightly wounded.
The gnoll hits you with a +0 halberd!
You die...

..........#.# .....g...#.#
...#....#.#
.......#...##.#
#....#.#...##.#
#....#.#...##.##+######
#.(..#........##.##....
#....#)#..........#....
#....#@#........(.#....
.###...g#g#..........#.>..
.......((............#....
.....................(....
...<.....................#
...........############..#
...........# .......(.#
...........# ########.#
...........# #.#


You could see a gnoll.

Vanquished Creatures
  2 gnolls (D:2)
  An adder (D:2)
  An ooze (D:1)
  2 dart slugs (D:1)
  A leopard gecko (D:1)
  4 goblins
  6 hobgoblins
  3 bats (D:1)
  3 frilled lizards (D:1)
  4 kobolds
  3 rats (D:1)
30 creatures vanquished.

Notes
Turn   | Place    | Note
-------+----------+-------------------------------------------
     0 | D:1      | Borgoz the Ghoul Monk began the quest for the Orb.
     0 | D:1      | Reached XP level 1. HP: 19/19 MP: 0/0
   103 | D:1      | Reached XP level 2. HP: 23/26 MP: 1/1
   595 | D:1      | Reached XP level 3. HP: 31/31 MP: 2/2
   907 | D:2      | Found a basalt altar of Yredelemnul.
   967 | D:2      | Reached XP level 4. HP: 24/40 MP: 3/3
   973 | D:2      | Slain by a gnoll

Skill      XL: |  1  2  3 |
---------------+----------+-----
Dodging        | 3 |  3.2
Short Blades   | 3 |  3.2
Stealth        | 3 |  3.2
Fighting       | |  3.8
Armour         | |  0.1

Action                   |  1- 3 |  4- 6 || total
-------------------------+-------+-------++-------
Melee: Short sword       |   120 |     4 ||   124
  Use: Scroll            |     3 |       ||     3
 Stab: Sleeping          |     8 |       ||     8
  Eat: Chunk             |     5 |     1 ||     6
Armor: Robe              |     5 |       ||     5
       Chain mail        |    26 |     2 ||    28
Dodge: Dodged            |    44 |     1 ||    45
